 Dungeon Crawl Stone Soup version 0.27-a0-1158-gaa87e14f67 (webtiles) character file.

Game seed: 6881001671040486036

2799 mg7810 the Cruncher (level 9, -10/74 HPs)
             Began as a Grey Draconian Monk on May 15, 2021.
             Was a Believer of Lugonu.
             Killed from afar by Dowan (15 damage)
             ... with a shard of ice
             ... on level 7 of the Dungeon.
             The game lasted 00:26:31 (7873 turns).

mg7810 the Cruncher (Grey Draconian Monk)           Turns: 7873, Time: 00:26:31

Health: -10/74     AC: 14    Str: 21      XL:     9   Next: 43%
Magic:  12/12      EV: 14    Int: 11 (12) God:    Lugonu [**....]
Gold:   378        SH:  0    Dex: 14      Spells: 9/12 levels left

rFire    . . .     SeeInvis .   s - +5 quarterstaff (chaos)
rCold    . . .     Faith    .   (shield currently unavailable)
rNeg     . . .     Spirit   .   (armour unavailable)
rPois    +         Reflect  .   (helmet restricted)
rElec    .         Harm     .   t - +0 cloak {rPois}
rCorr    +         Rampage  .   (no gloves)
Will     .....                  l - +0 pair of boots
Stlth    +++.......             o - amulet of magic regeneration
HPRegen  0.22/turn              c - +6 ring of strength
MPRegen  0.38/turn              v - ring of resist corrosion

@: brilliant
A: AC +12, amphibious, unfitting armour, cold-blooded
a: Renounce Religion, Depart the Abyss, Bend Space


You were on level 7 of the Dungeon.
You worshipped Lugonu.
Lugonu was pleased with you.
You visited 1 branch of the dungeon, and saw 7 of its levels.
You visited the Abyss 1 time.

You collected 378 gold pieces.

Inventory:

Hand Weapons
 a - a +2 vorpal mace
 m - a +0 vampiric dagger
 p - a +1 dagger of venom
 s - a +5 quarterstaff of chaos (weapon)
Missiles
 f - 25 poisoned darts (quivered)
Armour
 l - a +0 pair of boots (worn)
 t - a +0 cloak of poison resistance (worn)
Jewellery
 c - a +6 ring of strength (left hand)
 o - an amulet of magic regeneration (around neck)
 v - a ring of resist corrosion (right hand)
Wands
 r - a wand of flame (15)
Scrolls
 d - a scroll of enchant weapon
 g - 2 scrolls of teleportation
 i - 2 scrolls of fear
 j - 6 scrolls of identify
 u - a scroll of noise {unknown}
Potions
 b - 2 potions of flight
 e - a potion of berserk rage
 h - a potion of resistance {unknown}
 k - a potion of haste {unknown}


   Skills:
 + Level 5.1 Fighting
 - Level 2.5 Short Blades
 * Level 8.0 Staves
 + Level 1.4 Throwing
 + Level 5.1 Dodging
 + Level 4.0 Stealth
 + Level 4.0 Unarmed Combat
 - Level 2.4 Spellcasting
 - Level 1.8 Conjurations
 - Level 2.0 Summonings
 * Level 2.5 Invocations
 * Level 2.8 Evocations


You had 9 spell levels left.
You knew the following spells:

 Your Spells              Type           Power      Damage    Failure   Level
a - Magic Dart            Conj           28%        1d4       14%         1
b - Call Imp              Summ           8%         N/A       19%         2

Your spell library contained the following spells:

 Spells                   Type           Power      Damage    Failure   Level
 Blink                    Tloc           N/A        N/A       38%         2
 Slow                     Hex            2%         N/A       38%         2
 Conjure Flame            Conj/Fire      4%         6-21      50%         3
 Mephitic Cloud           Conj/Pois/Air  4%         N/A       54%         3


Dungeon Overview and Level Annotations

Branches:
Dungeon (7/15)             Temple (0/1) D:5

Altars:
Nemelex Xobeh
Qazlal
Sif Muna
Wu Jian
Zin

Shops:
D:6 !

Annotations:
D:7 Dowan, Joseph


Innate Abilities, Weirdness & Mutations

Your dull iron-grey scales are very hard. (AC +12)
You are amphibious.
You cannot fit into any form of body armour.
You are cold-blooded and may be slowed by cold attacks.


Message History

You hear a shout!
Joseph unwields a +0 hunting sling.
Joseph wields a +0 quarterstaff.
Joseph hits you but does no damage.
Dowan moves out of view.
Things that are here:
a +0 short sword; a +0 leather armour; the elf corpse of Duvessa You hit Joseph.
You feel better.
Joseph is lightly wounded.
You thump Joseph!
Joseph resists with almost no effort.
Joseph is lightly wounded.
Joseph hits you with a +0 quarterstaff!
* * * LOW HITPOINT WARNING * * *
Joseph unwields a +0 quarterstaff.
Joseph wields a +0 hunting sling.
Joseph shoots a sling bullet.
The sling bullet misses you.
Dowan gestures wildly while chanting.
Dowan blinks!
Aiming: Throw Flame
Press: ? - help, Shift-Dir - straight line, f - Joseph
Aim: Joseph, wielding a +0 hunting sling, wearing a +4 ring mail of poison resistance and quivering sling bullets (lightly wounded, 75% to hit)
The puff of flame hits Joseph but does no damage.
Joseph is lightly wounded.
Joseph shoots a sling bullet.
The sling bullet barely misses you.
It was a potion of brilliance.
You feel clever all of a sudden.
Dowan says, "Magic will overcome all!"
Joseph shoots a sling bullet.
The sling bullet hits you!
* * * LOW HITPOINT WARNING * * *
The centaur wields a +0 shortbow.
The centaur shoots an arrow.
The arrow barely misses you.
Joseph unwields a +0 hunting sling.
Joseph wields a +0 quarterstaff.
Joseph barely misses you.
Things that are here:
a +0 short sword; a +0 leather armour; the elf corpse of Duvessa You feel better.
Dowan hits you but does no damage.
The centaur unwields a +0 shortbow.
The centaur hits you but does no damage.
The centaur completely misses you. Joseph hits you with a +0 quarterstaff!
* * * LOW HITPOINT WARNING * * *
It was a potion of magic.
Magic courses through your body. Dowan gestures at you while chanting.
The shard of ice hits you!
You die...

.# #............ #.##. .
#................. #. #.
#................. # ##
#................ #
#####....[.........++# #
#...'..............#.####
#.###...................#
#.# #...........e.......#
#.#
#..........@@.......##
#.#
#..........#c#........
#[#
######.....#.#......##
#.# #######.'......+ #.#
###..[...# #.# #......#
##.## ........# . ....#
........# #. ....#
.........#


You could see Joseph, Dowan (fast) and a centaur.

Vanquished Creatures
  A meliai (D:6)
  Sigmund (D:6)
  A shadow (D:6)
  2 steam dragons (D:6)
  Duvessa (D:7)
  2 ice beasts
  A sky beast (D:6)
  2 black bears
  2 necrophages
  3 ogres
  2 centaurs
  A phantom (D:4)
  3 bullfrogs
  A scorpion (D:6)
  2 howler monkeys
  A gnoll shaman (D:7)
  5 hounds
  Crazy Yiuf (D:4)
  2 bullfrog skeletons (D:5)
  5 iguanas
  A killer bee zombie (D:6)
  A hound zombie (D:5)
  3 gnolls (D:7)
  4 adders
  A white imp (D:5)
  A nameless horror (D:7)
  An ufetubus (D:5)
  2 worms
  2 dart slugs
  6 orcs
  8 endoplasms
  5 giant cockroaches
  4 goblins
  6 hobgoblins
  3 kobolds
  3 quokkas
  4 ball pythons
  5 bats
  2 frilled lizards (D:1)
  6 rats
107 creatures vanquished.

Vanquished Creatures (collateral kills)
  A goblin (D:4)
1 creature vanquished.

Grand Total: 108 creatures vanquished

Notes
Turn   | Place    | Note
-------+----------+-------------------------------------------
     0 | D:1      | mg7810 the Draconian Monk began the quest for the Orb.
     0 | D:1      | Reached XP level 1. HP: 19/19 MP: 1/1
   221 | D:1      | Reached XP level 2. HP: 18/26 MP: 2/2
   723 | D:1      | Upgraded the game from 0.27-a0-1154-gfdeffcb720 to
                  | 0.27-a0-1158-gaa87e14f67
   788 | D:2      | HP: 1/26 [poisoned by an adder]
  1218 | D:2      | Reached XP level 3. HP: 30/31 MP: 3/3
  1620 | D:2      | Found a faded altar of an unknown god.
  1636 | D:2      | Became a worshipper of Sif Muna the Loreminder
  1636 | D:2      | Reached * piety under Sif Muna
  1636 | D:2      | Reached ** piety under Sif Muna
  2171 | D:3      | Noticed an ogre
  2393 | D:3      | Killed an ogre
  2393 | D:3      | Reached *** piety under Sif Muna
  2394 | D:3      | Reached skill level 1 in Invocations
  2394 | D:3      | Reached skill level 1 in Evocations
  2394 | D:3      | Reached XP level 4. HP: 24/40 MP: 4/4
  2394 | D:3      | Reached XP level 5. HP: 28/46 MP: 5/5
  2648 | D:3      | Reached skill level 1 in Short Blades
  2672 | D:3      | Learned a level 1 spell: Magic Dart
  2675 | D:3      | Learned a level 2 spell: Call Imp
  2809 | D:3      | Noticed an ogre
  3057 | D:3      | Killed an ogre
  3058 | D:3      | Reached skill level 1 in Spellcasting
  3355 | D:4      | Found an ornate altar of the Wu Jian Council.
  3361 | D:4      | Noticed a centaur
  3387 | D:4      | Killed a centaur
  3388 | D:4      | Reached skill level 1 in Throwing
  3388 | D:4      | Reached skill level 1 in Summonings
  3388 | D:4      | Reached XP level 6. HP: 23/52 MP: 0/7
  3756 | D:4      | Reached skill level 1 in Conjurations
  3918 | D:4      | Found a glowing silver altar of Zin.
  4247 | D:4      | Found a runed translucent door.
  4248 | D:4      | Noticed Crazy Yiuf
  4366 | D:4      | Cast into level 1 of the Abyss (Crazy Yiuf)
  4415 | Abyss:2  | Found a corrupted altar of Lugonu.
  4421 | Abyss:2  | Fell from the grace of Sif Muna
  4421 | Abyss:2  | Became a worshipper of Lugonu the Unformed
  4421 | Abyss:2  | Reached * piety under Lugonu
  4422 | D:4      | Escaped the Abyss
  4437 | D:4      | Killed Crazy Yiuf
  4805 | D:5      | Entered Level 5 of the Dungeon
  4875 | D:5      | Your scales start taking on a dull iron-grey colour.
  4875 | D:5      | Reached XP level 7. HP: 53/58 MP: 9/9
  4909 | D:5      | Found a stormy altar of Qazlal.
  4971 | D:5      | Found a staircase to the Ecumenical Temple.
  5188 | D:5      | Reached skill level 1 in Staves
  5241 | D:5      | Reached skill level 2 in Staves
  5434 | D:5      | Reached skill level 3 in Staves
  5700 | D:6      | Reached XP level 8. HP: 62/66 MP: 11/11
  5845 | D:6      | Reached skill level 4 in Staves
  5972 | D:6      | Reached skill level 5 in Staves
  6373 | D:6      | Reached skill level 6 in Staves
  6515 | D:6      | Noticed a meliai
  6515 | D:6      | an ice beast changed into a meliai
  6523 | D:6      | Killed a meliai
  6524 | D:6      | Reached skill level 7 in Staves
  6528 | D:6      | Noticed Sigmund
  6539 | D:6      | Killed Sigmund
  6540 | D:6      | Reached XP level 9. HP: 14/73 MP: 12/12
  6922 | D:6      | Found Qoipa's Distillery.
  6934 | D:6      | Found a sparkling altar of Nemelex Xobeh.
  6977 | D:6      | Reached skill level 5 in Fighting
  7413 | D:7      | Reached skill level 5 in Dodging
  7826 | D:7      | Reached ** piety under Lugonu
  7848 | D:7      | Noticed Duvessa
  7848 | D:7      | Noticed Joseph
  7864 | D:7      | Killed Duvessa
  7865 | D:7      | Reached skill level 8 in Staves
  7865 | D:7      | Noticed Dowan
  7873 | D:7      | Killed from afar by Dowan

Illustrated notes

Levels and vault maps discovered:
D:1:      ncdulo_smallfort, layout_rooms
D:2:      layout_loops_ring, hellmonk_ecumenical_altar_slurped_away
D:3:      layout_rooms, hangedman_decor_slide_cut
D:4:      layout_rooms, lemuel_round_altar, zin_statuary, minmay_unequal,
          uniq_crazy_yiuf_cottage
D:5:      layout_basic, grunt_qazlal_clouds, minmay_temple_entry_tees
D:6:      layout_basic, lemuel_tele_altar, serial_shops, shop, uniq_sigmund
D:7:      layout_basic, uniq_duvessa, uniq_joseph

Skill      XL: |  1  2  3  4  5  6  7  8  9 |
---------------+----------------------------+-----
Dodging        | 3 4 5 |  5.1
Stealth        | 2 3 4 |  4.0
Unarmed Combat | 4 |  4.0
Invocations    | 1 2 |  2.5
Evocations     | 1 2 |  2.8
Short Blades   | 1 2 |  2.5
Spellcasting   | 1 2 |  2.4
Throwing       | 1 |  1.4
Summonings     | 1 2 |  2.0
Conjurations   | 1 |  1.8
Staves         | 3 7 8 |  8.0
Fighting       | 4 5 |  5.1

Action                   |  1- 3 |  4- 6 |  7- 9 || total
-------------------------+-------+-------+-------++-------
Melee: Unarmed           |   128 |       |       ||   128
       Tailslap          |    16 |    17 |    31 ||    64
       Punch             |     1 |       |       ||     1
       Dagger            |    28 |    90 |       ||   118
       Quarterstaff      |       |     4 |   186 ||   190
Throw: Dart              |     1 |    10 |       ||    11
 Cast: Call Imp          |       |    20 |       ||    20
       Magic Dart        |       |     5 |       ||     5
Invok: Depart the Abyss  |       |     1 |       ||     1
Evoke: Wand              |     1 |     2 |     2 ||     5
  Use: Potion            |     2 |     3 |     4 ||     9
       Scroll            |       |     7 |       ||     7
 Stab: Sleeping          |     2 |     1 |     4 ||     7
       Paralysed         |     2 |     1 |     3 ||     6
       Confused          |       |       |     1 ||     1
Armor: Skin              |    44 |    26 |    94 ||   164
Dodge: Dodged            |    86 |    69 |   113 ||   268

Table legend: (Time is in decaauts)
 A = Elapsed time spent in this place.
 B = Non-inter-level travel time spent in this place.
 C = Inter-level travel time spent in this place.
 D = Time resting spent in this place.
 E = Time spent auto-exploring this place.
 F = Levels seen in this place.
 G = Mean time per level.
                   A        B        C        D        E       F      G
               +--------+--------+--------+--------+--------+-----+--------+
         Total |   7887 |   7741 |    146 |     57 |   5898 |   9 |  876.3 |
       Dungeon |   7832 |   7686 |    146 |     57 |   5898 |   7 | 1118.9 |
         Abyss |     55 |     55 |      0 |      0 |      0 |   2 |   27.5 |
               +--------+--------+--------+--------+--------+-----+--------+

Top non-repeatable levels by time:
     D:6: 1578 daAuts
     D:2: 1481 daAuts
     D:4: 1472 daAuts
     D:3: 1024 daAuts
     D:5: 895 daAuts
     D:1: 757 daAuts
     D:7: 623 daAuts
 Abyss:1: 48 daAuts
 Abyss:2: 6 daAuts
